 Dungeon Crawl Stone Soup version 0.29.0-4-gdea44cf6ec (webtiles) character file.

Game seed: 10211603685038388812

68 qw the Chopper (level 4, -3/28 HPs)
             Began as a Gargoyle Fighter on Sept 8, 2022.
             Killed by divine providence
             ... invoked by an orc priest
              (13 damage)
             ... on level 3 of the Dungeon.
             The game lasted 00:00:43 (2001 turns).

qw the Chopper (Gargoyle Fighter)                   Turns: 2001, Time: 00:00:44

Health: -3/28      AC: 15    Str: 22    XL:     4   Next: 19%
Magic:  4/4        EV:  6    Int:  8    God:
Gold:   68         SH:  4    Dex:  9    Spells: 3/3 levels left

rFire   . . .      SeeInvis .   Y - +1 war axe
rCold   . . .      Faith    .   c - +0 buckler
rNeg    + . .      Spirit   .   g - +0 plate armour
rPois   inf        Reflect  .   (no helmet)
rElec   +          Harm     .   (no cloak)
rCorr   .          Rampage  .   (no gloves)
Will    .....                   (no boots)
Stlth   ..........              (no amulet)
HPRegen 0.09/turn               (no ring)
MPRegen 0.09/turn               (no ring)

@: no status effects
A: sickness immunity, AC +3, negative energy resistance 1, electricity
resistance, torment resistance 1, petrification resistance
a: no special abilities


You were on level 3 of the Dungeon.
You visited 1 branch of the dungeon, and saw 3 of its levels.

You collected 68 gold pieces.


Innate Abilities, Weirdness & Mutations

You are immune to sickness and miasma.
Your stone body is resilient. (AC +3)
You are immune to poison.
You resist negative energy. (rN+)
You are resistant to electric shocks. (rElec)
You are resistant to unholy torment.
You are immune to petrification.


   Skills:
 - Level 3.2 Fighting
 + Level 3.9 Axes
 - Level 3.2 Armour
 - Level 3.2 Shields


You had 3 spell levels left.
You didn't know any spells.
Your spell library was empty.

Inventory:

Hand Weapons
 m - a +0 whip
 Y - a +1 war axe (weapon)
Missiles
 h - 4 boomerangs (quivered)
Armour
 c - a +0 buckler (worn)
 g - a +0 plate armour (worn)
Scrolls
 b - a scroll of amnesia {unknown}
 j - a scroll of teleportation
 l - 4 scrolls of identify
Potions
 a - a potion of invisibility {unknown}
 d - a potion of might
 e - a potion of mutation {unknown}
 i - a potion of lignification {unknown}
 k - a potion of attraction {unknown}
 n - a potion of haste {unknown}

Dungeon Overview and Level Annotations

Branches:
Dungeon (3/15)

Altars:
Zin

Shops:
D:2 (

Annotations:
D:2 1 runed translucent door, Crazy Yiuf


Message History

The frilled lizard bites you but does no damage.
You slash the frilled lizard!
You kill the frilled lizard!
The quokka bites you but does no damage.
You slash the quokka!
You kill the quokka!
Things that are here:
a quokka corpse; a frilled lizard corpse You open the door.
There is an open door here.
l - 3 scrolls of identify (gained 1)
Found a glowing silver altar of Zin.
Enter note:
Enter note:
l - 4 scrolls of identify (gained 1)
b - a scroll labelled HUZXUNOUPH
Enter note:
Found a robe.
An orc priest, an orc wizard and 2 orcs come into view.
The orc shouts! x2; You hear a shout!
The orc priest calls down the wrath of Beogh upon you.
Beogh smites you!
Ouch! That really hurt!
The orc wizard casts a spell at you. You resist with some effort.
The orc moves out of view.
Enter note:
1998 ||| Stepping ~*~*~tactically~*~*~ (hiding).
An orc comes into view. It is wielding a +0 dagger.
The orc shouts!
The orc barely misses you.
You slash the orc!
You kill the orc!
The orc closely misses you.
You closely miss the orc priest. You closely miss the orc.
You block the orc's attack.
The orc hits you from afar with a +0 trident.
The orc hits you but does no damage.
The orc priest mumbles some strange prayers to Beogh against you.
Beogh smites you!
You die...

..(.... ......#
...#### .......
....... .......
....... .......
....... .......
......! ....###
#....## ....###
#....o## .......
#..o.@.# ...####
#...o#.#######
.......
.....o.+........
....###
#.#....#.#######
....# #
#....#..# ....##
#....##.##
.....# #....
#..# .....#
#....
##.#######.#
.....+
#.........#


You could see an orc priest, an orc wizard and 2 orcs.

Vanquished Creatures
  3 adders (D:2)
  A worm (D:3)
  A dart slug (D:2)
  An orc (D:3)
  3 ball pythons
  An endoplasm (D:2)
  A giant cockroach (D:2)
  2 hobgoblins (D:1)
  2 kobolds (D:1)
  6 quokkas
  2 bats
  7 frilled lizards
  2 goblins (D:1)
  4 rats
36 creatures vanquished.

Notes
Turn   | Place    | Note
-------+----------+-------------------------------------------
     0 | D:1      | qw the Gargoyle Fighter began the quest for the Orb.
     0 | D:1      | Reached XP level 1. HP: 14/14 MP: 1/1
     0 | D:1      | 0 ||| qw: Version: 0.1-a-112-g44dc6cd
     0 | D:1      | 0 ||| qw: Game counter: 6654
     0 | D:1      | 0 ||| qw: Always use a shield: true
     0 | D:1      | 0 ||| qw: God list: Okawaru
     0 | D:1      | 0 ||| qw: Allow faded altars: false
     0 | D:1      | 0 ||| qw: Do Orc after D:15 true
     0 | D:1      | 0 ||| qw: Do second Lair branch before Depths: true
     0 | D:1      | 0 ||| qw: Lair rune preference: random
     0 | D:1      | 0 ||| qw: Plans: Normal, Zot, God:TSO, Crypt, Tomb, Zig,
                  | Orb
     0 | D:1      | 0 ||| PLANNING D:1-11
    36 | D:1      | 36 ||| Stepping ~*~*~tactically~*~*~ (stealth).
    51 | D:1      | 51 ||| Stepping ~*~*~tactically~*~*~ (stealth).
   273 | D:1      | 273 ||| Stepping ~*~*~tactically~*~*~ (stealth).
   324 | D:1      | 324 ||| Stepping ~*~*~tactically~*~*~ (stealth).
   351 | D:1      | Reached XP level 2. HP: 18/19 MP: 2/2
   945 | D:1      | 945 ||| READING scroll labelled ZICIPP TUOMUU.
   946 | D:1      | 946 ||| READING scroll labelled OJEXIUSEYT.
   947 | D:1      | 947 ||| READING 2 scrolls labelled QUPPIT GUMIDIP.
   968 | D:2      | 968 ||| STAIRDANCE
   985 | D:2      | Reached skill level 3 in Axes
   985 | D:2      | Reached XP level 3. HP: 22/23 MP: 3/3
   998 | D:2      | 998 ||| Stepping ~*~*~tactically~*~*~ (stealth).
  1116 | D:2      | 1116 ||| Stepping ~*~*~tactically~*~*~ (hiding).
  1260 | D:2      | Found a faded altar of an unknown god.
  1333 | D:2      | 1333 ||| DROPPING +0 club.
  1352 | D:2      | Found Syfoumpato's Weapon Shop.
  1386 | D:2      | Found a runed translucent door.
  1387 | D:2      | Noticed Crazy Yiuf
  1528 | D:2      | 1528 ||| Stepping ~*~*~tactically~*~*~ (stealth).
  1535 | D:2      | Reached XP level 4. HP: 27/28 MP: 4/4
  1626 | D:2      | 1626 ||| UPGRADING to +0 plate armour.
  1636 | D:2      | 1636 ||| DROPPING +0 scale mail.
  1637 | D:2      | 1637 ||| READING 2 scrolls labelled WAERGH FATSUVA.
  1638 | D:2      | 1638 ||| DRINKING 2 clear potions.
  1743 | D:2      | 1743 ||| DROPPING potion of berserk rage.
  1947 | D:3      | Found a glowing silver altar of Zin.
  1998 | D:3      | 1998 ||| Stepping ~*~*~tactically~*~*~ (hiding).
  2001 | D:3      | Killed from afar by an orc priest

Levels and vault maps discovered:
D:1:      dpeg_arrival_round_a, layout_loops_ring, minmay_close_crescents
D:2:      layout_rooms, serial_shops, nicolae_shop_bloodbath_and_beyond,
          ebering_ecumenical_altar_hall, uniq_crazy_yiuf_cottage
D:3:      layout_basic, mainiacjoe_overflow_cross_hatched, ebering_ghost_gozag

Skill      XL: |  1  2 |
---------------+-------+-----
Axes           | 2 3 |  3.9
Fighting       | |  3.2
Armour         | |  3.2
Shields        | |  3.2

Action                   |  1- 3 |  4- 6 || total
-------------------------+-------+-------++-------
Melee: War axe           |    89 |    13 ||   102
Throw: Boomerang         |    15 |     5 ||    20
  Use: Scroll            |     3 |     1 ||     4
       Potion            |       |     1 ||     1
Armor: Scale mail        |    44 |       ||    44
       Plate armour      |       |     5 ||     5
Dodge: Dodged            |    49 |     3 ||    52
Block: Buckler           |    18 |     2 ||    20

Table legend:
 A = Non-vault XP
 B = Vault XP
 C = Vault XP percentage of total XP
 D = Non-vault monster count
 E = Vault monster count
 F = Vault count percentage of total count
                 A         B        C        D         E       F
            +---------+---------+-------+---------+---------+-------
      Total |      90 |       8 |   8.2 |      31 |       5 |  13.9
            +---------+---------+-------+---------+---------+-------
        D:1 |      19 |       8 |  29.6 |      12 |       5 |  29.4
        D:2 |      58 |       0 |   0.0 |      14 |       0 |   0.0
        D:3 |      13 |       0 |   0.0 |       5 |       0 |   0.0
            +---------+---------+-------+---------+---------+-------
